 Dungeon Sprint DCSS version 0.28-a0-1429-gf3d713df7a (webtiles) character file.

Game seed: 18047242348726357117

6764 tatocazan the Warmonger (level 10, -13/89 HPs)
             Began as a Demonspawn Fighter on Jan 8, 2022.
             Was a High Priest of Okawaru.
             Mangled by Donald (34 damage)
             ... in the Dungeon (Sprint VII: "The Pits").
             The game lasted 00:05:52 (3728 turns).

tatocazan the Warmonger (Demonspawn Fighter)        Turns: 3728, Time: 00:05:52

Health: -13/89     AC: 19    Str: 21    XL:     10   Next: 75%
Magic:  19/19      EV: 10    Int:  9    God:    Okawaru [*****.]
Gold:   4          SH: 10    Dex: 13    Spells: 9/9 levels left

rFire   . . .      SeeInvis .   n - +1 broad axe (vorpal)
rCold   . . .      Faith    .   c - +0 buckler
rNeg    . . .      Spirit   .   r - +4 chain mail
rPois   .          Reflect  .   (helmet restricted)
rElec   .          Harm     .   t - +2 cloak
rCorr   .          Rampage  .   (no gloves)
Will    .....      NoTele   +   (no boots)
Stlth   ..........              (no amulet)
HPRegen 0.24/turn               (no ring)
MPRegen 0.32/turn               (no ring)

@: invisible
A: hooves 2, horns 2, magic regeneration, condensation shield, demonic touch 2
a: Renounce Religion, Heroism, Finesse


You were in the Dungeon.
You worshipped Okawaru.
Okawaru was extremely pleased with you.
You visited 1 branch You collected 4 gold pieces.

Inventory:

Hand Weapons
 a - a +0 war axe
 k - a +2 vorpal hand axe
 n - a +1 vorpal broad axe (weapon)
 u - a +4 vorpal war axe
Armour
 b - a +0 scale mail
 c - a +0 buckler (worn)
 r - a +4 chain mail (worn)
 t - a +2 cloak (worn)
Jewellery
 f - a +3 ring of protection
 i - a +3 ring of protection
Wands
 d - a wand of flame (13)
Scrolls
 m - 5 scrolls of amnesia
Potions
 e - 6 potions of curing
 g - a potion of haste
 h - 4 potions of magic
 l - a potion of invisibility
 o - 4 potions of heal wounds
 p - a potion of brilliance
 q - 2 potions of mutation
 s - a potion of degeneration {unknown}


   Skills:
 + Level 11.7 Fighting
 * Level 12.3 Axes
 + Level 10.9 Armour
 + Level 6.0 Dodging
 + Level 10.8 Shields
 * Level 12.6 Invocations


You had 9 spell levels left.
You didn't know any spells.
Your spell library was empty.

Dungeon Overview and Level Annotations

Branches:
Dungeon (1/1)

Altars:
Ashenzari
Cheibriados
Dithmenos
Elyvilon
Fedhas
Gozag
Hepliaklqana
Kikubaaqudgha
Makhleb
Nemelex Xobeh
Okawaru
Qazlal
Ru
Sif Muna
Trog
Uskayaw
Vehumet
Wu Jian
Xom
Yredelemnul
Zin
The Shining One
Beogh
Jiyva
Lugonu

Annotations:
D Donald


Innate Abilities, Weirdness & Mutations

You have hoof-like feet.
You have a pair of horns on your head.
You regenerate magic rapidly.
A meltable shield of frost defends you. (SH +4)
Your touch may inflict irresistible damage on your foes.


Message History

Donald casts a spell.
Donald seems to grow stronger.
You slash Donald! Your kick misses Donald.
Donald is moderately wounded.
Donald hits you with a +0 vampiric war axe!
Donald draws strength from your wounds!
You take 10 damage, and have 68/89 hp.
You hit Donald. You kick Donald, but do no damage. You headbutt Donald.
Donald is moderately wounded.
You block Donald's attack. Donald closely misses you.
You hit Donald but do no damage. You kick Donald, but do no damage.
You headbutt Donald, but do no damage.
Donald is moderately wounded.
Donald hits you with a +0 vampiric war axe!!!
Donald draws strength from your wounds!
You take 38 damage, and have 30/89 hp.
MASSIVE DAMAGE!!
Donald blocks your attack.
You kick Donald, but do no damage. Your headbutt misses Donald.
Donald hits you with a +0 vampiric war axe.
You block Donald's attack.
You take 1 damage, and have 29/89 hp.
There is an open door here.
Donald hits you with a +0 vampiric war axe!
* * * LOW HITPOINT WARNING * * *
A freezing wraith comes into view.
You take 12 damage, and have 17/89 hp.
Blink to where?
Press: ? - help, Dir - move target
As you read the scroll of blinking, it crumbles to dust.
There is an open door here.
As you close the door, it creaks loudly!
Something unseen breaks down the door.
You see here a +0 trident of pain.
Donald says, "I could take you in a fair duel.
No cheating!"
Things that are here:
a +0 falchion; a +0 leather armour
There is a huge open gate to the Metal Vault (Medium) here.
There is a huge open gate to the Metal Vault (Medium) here.
Donald hits you with a +0 vampiric war axe!!
You die...

____.# ____.#
__...###########++######
####'##................#
)))'.##......#..#......#
####.##................+
......'................+
#'#####......#..#......#
...'.##.........@......#
...#.#####'#####@'######
####.##.......##''# ######## ##
...#.##.......##).# #......###..
...'.##.......##..# #..#'#.......
#######...<...##.)##..##.##.....#
.)))[##.......##..##.##...##...##
.)))[##.......##.)####)....##.##)
#######.......##...##...@..#...#.


You could see Donald (fast, strong).

Vanquished Creatures
  A spriggan (D)
  A fire crab (D)
  A bog body (D)
  A manticore (D)
  Maurice (D)
  A smoke demon (D)
  A rust devil (D)
  A demonic crawler (D)
  A freezing wraith (D)
  A hellwing (D)
  A merfolk (D)
  A tyrant leech (D)
  A polar bear (D)
  A hornet (D)
  4 blink frogs (D)
  A flying skull (D)
  A jumping spider (D)
  A ynoxinul (D)
  Eustachio (D)
  A fire bat (D)
  2 redbacks (D)
  A water moccasin (D)
  A floating eye (D)
  A sky beast (D)
  An ogre (D)
  A phantom (D)
  A gnoll sergeant (D)
  A scorpion (D)
  2 iguanas (D)
  3 gnolls (D)
  An adder (D)
  An ufetubus (D)
  An adder zombie (D)
  3 worms (D)
  3 ball pythons (D)
  A giant cockroach (D)
  A goblin (D)
  A hobgoblin (D)
  A ball python zombie (D)
  A frilled lizard (D)
  A rat (D)
52 creatures vanquished.

Notes
Turn   | Place    | Note
-------+----------+-------------------------------------------
     0 | D        | tatocazan the Demonspawn Fighter began the quest for the
                  | Orb.
     0 | D        | Reached XP level 1. HP: 18/18 MP: 1/1
    15 | D        | Found a bloodstained altar of Trog.
    15 | D        | Found a shimmering blue altar of Sif Muna.
    15 | D        | Found a viscous altar of Jiyva.
    15 | D        | Found a hazy altar of Hepliaklqana.
    15 | D        | Found an opulent altar of Gozag.
    16 | D        | Found a basalt altar of Yredelemnul.
    16 | D        | Found a shimmering altar of Xom.
    16 | D        | Found an ornate altar of the Wu Jian Council.
    16 | D        | Found a sacrificial altar of Ru.
    16 | D        | Found a stormy altar of Qazlal.
    16 | D        | Found an iron altar of Okawaru.
    16 | D        | Found a sparkling altar of Nemelex Xobeh.
    16 | D        | Found a burning altar of Makhleb.
    16 | D        | Found a blossoming altar of Fedhas.
    16 | D        | Found a shadowy altar of Dithmenos.
    16 | D        | Found a snail-covered altar of Cheibriados.
    17 | D        | Found a radiant altar of Vehumet.
    17 | D        | Found a corrupted altar of Lugonu.
    18 | D        | Found an ancient bone altar of Kikubaaqudgha.
    18 | D        | Found a hide-covered altar of Uskayaw.
    18 | D        | Found a broken altar of Ashenzari.
    22 | D        | Became a worshipper of Warmaster Okawaru
    66 | D        | Discovered your monstrous ancestry.
    66 | D        | Gained mutation: Your touch may inflict minor irresistible
                  | damage on your foes. [demonic ancestry]
    66 | D        | Reached XP level 2. HP: 15/25 MP: 2/2
   143 | D        | Noticed a floating eye
   149 | D        | Killed a floating eye
   150 | D        | Reached skill level 5 in Fighting
   150 | D        | Reached skill level 5 in Armour
   150 | D        | Reached skill level 5 in Shields
   150 | D        | Gained mutation: You regenerate magic rapidly. [demonic
                  | ancestry]
   150 | D        | Reached XP level 3. HP: 26/33 MP: 3/3
   150 | D        | Gained mutation: You have large cloven feet. [demonic
                  | ancestry]
   150 | D        | Reached XP level 4. HP: 31/39 MP: 4/4
   426 | D        | Noticed a flying skull
   435 | D        | Killed a flying skull
   435 | D        | Reached * piety under Okawaru
   436 | D        | Gained mutation: You have a pair of small horns on your
                  | head. [demonic ancestry]
   436 | D        | Reached XP level 5. HP: 5/48 MP: 5/5
   436 | D        | Gained mutation: You have a pair of horns on your head.
                  | [demonic ancestry]
   436 | D        | Reached XP level 6. HP: 6/55 MP: 6/6
  1374 | D        | Noticed a fire bat
  1383 | D        | Killed a fire bat
  1383 | D        | Reached ** piety under Okawaru
  1620 | D        | Noticed a demonic crawler
  1629 | D        | Killed a demonic crawler
  1630 | D        | Gained mutation: Your touch may inflict irresistible damage
                  | on your foes. [demonic ancestry]
  1630 | D        | Reached XP level 7. HP: 53/63 MP: 7/7
  1776 | D        | Noticed a freezing wraith
  1784 | D        | Killed a freezing wraith
  1784 | D        | Reached *** piety under Okawaru
  1785 | D        | Gained mutation: You have hoof-like feet. [demonic
                  | ancestry]
  1785 | D        | Reached XP level 8. HP: 43/71 MP: 8/8
  2101 | D        | Noticed a jumping spider
  2107 | D        | Reached skill level 1 in Invocations
  2132 | D        | Killed a jumping spider
  2132 | D        | Reached **** piety under Okawaru
  2133 | D        | Reached skill level 1 in Dodging
  2375 | D        | Noticed Eustachio
  2375 | D        | Noticed a polar bear
  2375 | D        | Noticed a merfolk
  2391 | D        | Killed a polar bear
  2392 | D        | Reached skill level 10 in Fighting
  2406 | D        | Killed a merfolk
  2407 | D        | Reached skill level 5 in Invocations
  2413 | D        | Reached XP level 9. HP: 8/78 MP: 10/13
  2421 | D        | Killed Eustachio
  2829 | D        | Noticed a rust devil
  2830 | D        | Noticed Maurice
  2830 | D        | Noticed a smoke demon
  2836 | D        | Killed a rust devil
  2837 | D        | Reached skill level 10 in Axes
  2844 | D        | Killed a smoke demon
  2844 | D        | Reached ***** piety under Okawaru
  2885 | D        | Killed Maurice
  2886 | D        | Reached skill level 10 in Armour
  3024 | D        | Noticed a tyrant leech
  3027 | D        | Noticed a manticore
  3030 | D        | Received a gift from Okawaru
  3031 | D        | Reached skill level 10 in Shields
  3031 | D        | Killed a tyrant leech
  3037 | D        | Killed a manticore
  3038 | D        | Reached skill level 10 in Invocations
  3038 | D        | Gained mutation: A meltable shield of frost defends you.
                  | (SH +4) [demonic ancestry]
  3038 | D        | Reached XP level 10. HP: 38/87 MP: 17/17
  3044 | D        | Reached skill level 5 in Dodging
  3393 | D        | Noticed a fire crab
  3403 | D        | Killed a fire crab
  3504 | D        | Noticed a spriggan rider
  3504 | D        | Noticed a bog body
  3511 | D        | Killed a bog body
  3522 | D        | Killed a spriggan rider
  3701 | D        | Noticed Donald
  3728 | D        | Mangled by Donald

Illustrated notes

Levels and vault maps discovered:
D:        pitsprint [storerooms_1, entrance_room_1, metal_vault_3, armoury_2,
          mini_pit_1, grid_room_1, main_hall_1, silver_pit, the_coven_2,
          the_vestibule_1, steel_vault_3, golden_pit, hallway_of_sentries,
          crystal_vault_5, iron_vault_3, final_vault]

Skill      XL: |  1  2  3  4  5  6  7  8  9 10 |
---------------+-------------------------------+-----
Axes           | 2 4 6 7 8 9 11 12 | 12.3
Armour         | 3 5 6 8 9 10 | 10.9
Shields        | 3 5 6 8 9 10 | 10.8
Fighting       | 5 7 8 9 10 11 | 11.7
Invocations    | 6 10 12 | 12.6
Dodging        | 2 4 6 |  6.0

Action                   |  1- 3 |  4- 6 |  7- 9 | 10-12 || total
-------------------------+-------+-------+-------+-------++-------
Melee: Hand axe          |    14 |    35 |    19 |       ||    68
       War axe           |     1 |       |       |       ||     1
       Kick              |       |    11 |    46 |    13 ||    70
       Headbutt          |       |     3 |    18 |     6 ||    27
       Broad axe         |       |       |    96 |    39 ||   135
Invok: Finesse           |       |       |     2 |       ||     2
  Use: Potion            |       |     3 |     9 |     1 ||    13
       Scroll            |       |       |       |     1 ||     1
 Stab: Distracted        |     1 |       |       |       ||     1
Armor: Scale mail        |     6 |     8 |    11 |       ||    25
       Chain mail        |       |       |    64 |    19 ||    83
Dodge: Dodged            |     9 |    16 |    61 |    17 ||   103
Block: Buckler           |     4 |     4 |    40 |    16 ||    64

Table legend: (Time is in decaauts)
 A = Elapsed time spent in this place.
 B = Non-inter-level travel time spent in this place.
 C = Inter-level travel time spent in this place.
 D = Time resting spent in this place.
 E = Time spent auto-exploring this place.
 F = Levels seen in this place.
 G = Mean time per level.
                   A        B        C        D        E       F      G
               +--------+--------+--------+--------+--------+-----+--------+
         Total |   3808 |   3769 |     39 |   2857 |    368 |   1 | 3808.0 |
       Dungeon |   3808 |   3769 |     39 |   2857 |    368 |   1 | 3808.0 |
               +--------+--------+--------+--------+--------+-----+--------+

Top non-repeatable levels by time:
       D: 3808 daAuts
